 Dungeon Crawl Stone Soup version 0.29.1-1-gd02db6906a (webtiles) character file.

Game seed: 14104099042521704043

1668 warriortoast the Thaumaturge (level 8, -4/41 HPs)
             Began as a Deep Elf Fire Elementalist on Aug 31, 2022.
             Was a Believer of Vehumet.
             Slain by a troll (9 damage)
             ... on level 6 of the Dungeon on Sept 19, 2022.
             The game lasted 00:38:41 (8635 turns).

warriortoast the Thaumaturge (DEFE)                 Turns: 8635, Time: 00:38:42

Health: -4/41      AC:  4    Str:  8    XL:     8   Next: 69%
Magic:  18/22      EV: 13    Int: 23    God:    Vehumet [**....]
Gold:   333        SH:  0    Dex: 21    Spells: 18/24 levels left

rFire   . . .      SeeInvis .   q - +7 rapier of Indomitability {venom, rPois Str-4 Dex+6}
rCold   . . .      Faith    .   (no shield)
rNeg    . . .      Spirit   .   a - +0 robe
rPois   +          Reflect  .   (no helmet)
rElec   .          Harm     .   (no cloak)
rCorr   .          Rampage  .   i - +1 pair of gloves of Calculation {Str+7}
Will    .....                   (no boots)
Stlth   ++........              (no amulet)
HPRegen 0.13/turn               (no ring)
MPRegen 0.18/turn               (no ring)

@: no status effects
A: no striking features
a: Renounce Religion


You were on level 6 of the Dungeon.
You worshipped Vehumet.
Vehumet was pleased with you.
You visited 2 branches of the dungeon, and saw 7 of its levels.
You also visited: Ossuary.

You collected 333 gold pieces.

Inventory:

Hand Weapons
 n - a +4 mace
 q - the +7 rapier of Indomitability (weapon) {venom, rPois Str-4 Dex+6}
   (You found it on level 4 of the Dungeon)

   It poisons the flesh of those it strikes.
   Str:       It affects your strength (-4).
   Dex:       It affects your dexterity (+6).
   rPois:     It protects you from poison.
Missiles
 o - 10 poisoned darts
Armour
 a - a +0 robe (worn)
 i - the +1 pair of gloves of Calculation (worn) {Str+7}
   (You acquired it on level 6 of the Dungeon)

   Str:       It affects your strength (+7).
 l - a +2 pair of gloves
Jewellery
 j - a ring of poison resistance
 r - a ring of wizardry
Wands
 e - a wand of polymorph (11)
 g - a wand of flame (14)
Scrolls
 d - 5 scrolls of identify
 h - 5 scrolls of teleportation
 p - 2 scrolls of noise {unknown}
 u - a scroll of poison {unknown}
 x - a scroll of vulnerability {unknown}
 y - 3 scrolls of enchant armour {unknown}
 A - a scroll of fear {unknown}
Potions
 b - 2 potions of magic
 c - 2 potions of haste {unknown}
 f - 2 potions of flight
 k - a potion of degeneration {unknown}
 m - a potion of resistance {unknown}
 s - a potion of curing
 t - 2 potions of cancellation {unknown}
 v - 2 potions of lignification {unknown}
 w - 2 potions of mutation {unknown}
 z - a potion of heal wounds {unknown}


   Skills:
 - Level 2.4 Dodging
 - Level 2.4 Stealth
 + Level 8.9 Spellcasting
 + Level 7.0 Conjurations
 + Level 7.8 Fire Magic


You had 18 spell levels left.
You knew the following spells:

 Your Spells              Type           Power      Damage    Failure   Level
a - Foxfire               Conj/Fire      100%       2x1d9     1%          1
b - Scorch                Fire           92%        2d9       1%          2
c - Conjure Flame         Conj/Fire      44%        6-21      1%          3

Your spell library contained the following spells:

 Spells                   Type           Power      Damage    Failure   Level
 Static Discharge         Conj/Air       26%        3-7/arc   2%          2
 Inner Flame              Hex/Fire       28%        N/A       3%          3
 Flame Wave               Conj/Fire      44%        2d11      3%          4
 Beastly Appendage        Tmut           20%        N/A       6%          1
 Wereblood                Tmut           10%        N/A       10%         2
 Spider Form              Tmut/Pois      10%        N/A       19%         3
 Summon Guardian Golem    Hex/Summ       10%        N/A       19%         3
 Orb of Destruction       Conj           21%        9d8       96%         7
 Spellforged Servitor     Conj/Summ      13%        N/A       100%        7


Dungeon Overview and Level Annotations

Branches:
Dungeon (6/15)             Temple (1/1) D:4         Ossuary (visited)

Altars:
Ashenzari
Cheibriados
Dithmenos
Elyvilon
Fedhas
Gozag
Hepliaklqana
Makhleb
Okawaru
Trog
Uskayaw
Vehumet
Wu Jian
Xom
The Shining One

Shops:
D:4 :

Annotations:
D:6 3 runed translucent doors, CertainDeath's ghost, novice DsTm


Message History

There is a gate leading back out of this place here.
Welcome back to the Dungeon!
Level annotation: 3 runed translucent doors, CertainDeath's ghost, novice DsTm
There is a collapsed entrance here.
Level annotation: 3 runed translucent doors, CertainDeath's ghost, novice DsTm Welcome back, warriortoast the Deep Elf Fire Elementalist.
Vehumet says: Let it end in hellfire!
Press ? for a list of commands and other information.
Magic restored.
There is an open door here.
y - 3 scrolls labelled KERCHI HOHOIDI
Found a stone staircase leading up.
A - a scroll labelled ESYTTE AFELL You open the door.
There is an open door here.
You open the door.
Found a white marble altar of Elyvilon.
A troll and an ogre come into view.
The ogre shouts!
The troll bites you. The troll claws you. The troll closely misses you.
Cast which spell? (? or * to list) Flames lash the ogre.
The ogre is moderately wounded.
The ogre's fire resistance burns away.
The troll misses you. The troll claws you. The troll claws you!
Casting: Scorch (safe; 1% risk of failure)
Confirm with . or Enter, or press ? or * to list all spells.
Flames lash the troll.
The troll is lightly wounded.
The troll's fire resistance burns away.
The troll misses you. The troll claws you! x2
* * * LOW HITPOINT WARNING * * *
You feel better. The troll completely misses you. The troll closely misses you.
The troll claws you but does no damage.
You feel better. The troll bites you!
* * * LOW HITPOINT WARNING * * *
The troll claws you.
* * * LOW HITPOINT WARNING * * *
The troll claws you!
You die...

#.# #.# ### #... .# #.#
#.##### #...## O# #.#
#...... #.....#.#
#.########### #.......
#.#...# ##. . ......
#...#..####.. ... ...#
##..###.......
.....##.######..##.##......
........OT@....##...##.....
#....#####.#..##.....##....
#.# #...#####'#####...
###...............
######.#####.... #....#
##### #.#### # #.# # #.#
#####


You could see a troll (combustible) and an ogre (combustible).

Vanquished Creatures
  Eustachio (D:3)
  A water moccasin (D:6)
  A black bear (D:5)
  An ice beast (D:5)
  An ogre (D:5)
  A phantom (D:6)
  3 necrophages
  3 scorpions
  2 water moccasin zombies (Ossuary)
  3 hounds (D:5)
  A jelly (D:5)
  Ijyb (D:3)
  Natasha (thrice) (D:2)
  4 iguanas
  An orc wizard (D:5)
  Terence (D:3)
  3 mummies
  6 adders
  2 shadow imps
  An ufetubus (D:4)
  5 adder zombies (Ossuary)
  2 worms
  4 dart slugs
  8 orcs
  9 ball pythons
  3 endoplasms
  2 giant cockroaches
  7 goblins
  6 hobgoblins
  7 jackals
  9 kobolds
  6 quokkas
  9 bats
  6 frilled lizards
  3 gnoll zombies (Ossuary)
  5 hobgoblin zombies (Ossuary)
  5 kobold zombies (Ossuary)
  3 orc zombies (Ossuary)
  9 rats
  A spectral goblin (D:4)
149 creatures vanquished.

Vanquished Creatures (others)
  426 foxfires
426 creatures vanquished.

Grand Total: 575 creatures vanquished

Notes
Turn   | Place    | Note
-------+----------+-------------------------------------------
     0 | D:1      | warriortoast the Deep Elf Fire Elementalist began the quest
                  | for the Orb.
     0 | D:1      | Reached XP level 1. HP: 10/10 MP: 6/6
   393 | D:2      | Reached XP level 2. HP: 15/15 MP: 0/8
  1415 | D:2      | Reached XP level 3. HP: 11/19 MP: 0/10
  2163 | D:2      | Noticed Natasha
  2168 | D:2      | Upgraded the game from 0.29.0-7-g18a832c13a to
                  | 0.29.1-1-gd02db6906a
  2168 | D:2      | Killed Natasha
  2169 | D:2      | Reached skill level 4 in Spellcasting
  2389 | D:2      | Noticed Natasha
  2395 | D:2      | Killed Natasha
  2396 | D:2      | Reached XP level 4. HP: 24/24 MP: 4/12
  2499 | D:2      | Learned a level 2 spell: Scorch
  2503 | D:2      | Learned a level 3 spell: Conjure Flame
  2503 | D:2      | Noticed Natasha
  2509 | D:2      | Killed Natasha
  3220 | D:3      | Noticed Ijyb
  3260 | D:3      | Killed Ijyb
  3261 | D:3      | Reached XP level 5. HP: 12/28 MP: 8/14
  3474 | D:3      | Found a shimmering altar of Xom.
  3549 | D:3      | Noticed Terence
  3553 | D:3      | Killed Terence
  3554 | D:3      | Reached skill level 5 in Spellcasting
  4712 | D:4      | Found a hazy altar of Hepliaklqana.
  5176 | D:5      | Entered Level 5 of the Dungeon
  5176 | D:5      | Noticed an ogre
  5230 | D:4      | Found Loetaom's Book Boutique.
  5230 | D:4      | Noticed Eustachio
  5403 | D:3      | Killed Eustachio
  5404 | D:3      | Reached skill level 5 in Fire Magic
  5404 | D:3      | Reached XP level 6. HP: 32/32 MP: 8/16
  5509 | D:4      | Found a staircase to the Ecumenical Temple.
  5530 | Temple   | Entered the Ecumenical Temple
  5544 | Temple   | Became a worshipper of Vehumet
  5564 | D:4      | Found a blossoming altar of Fedhas.
  5610 | D:4      | Identified the +7 rapier of Indomitability {venom, rPois
                  | Str-4 Dex+6}
  5824 | D:4      | Reached skill level 6 in Spellcasting
  6267 | D:5      | Reached XP level 7. HP: 36/36 MP: 4/18
  6459 | D:5      | Identified the +1 robe of Filth {rElec rPois rF- Int+6}
  6541 | D:5      | Reached skill level 5 in Conjurations
  6703 | D:5      | Found an opulent altar of Gozag.
  6704 | D:5      | Found a bloodstained altar of Trog.
  6818 | D:5      | Found a burning altar of Makhleb.
  6832 | D:5      | Reached skill level 7 in Spellcasting
  7086 | D:5      | Reached XP level 8. HP: 41/41 MP: 8/21
  7635 | D:6      | Identified a scroll of acquirement
  7635 | D:6      | Acquired the +1 pair of gloves of Calculation {Str+7}
  7701 | D:6      | Reached skill level 8 in Spellcasting
  7815 | D:6      | Found a runed translucent gate.
  7815 | D:6      | Found a runed translucent gate.
  7815 | D:6      | Found a runed translucent gate.
  7815 | D:6      | Found an opulent altar of Gozag.
  7817 | D:6      | Noticed CertainDeath's ghost (novice DsTm)
  7819 | D:6      | Noticed a boulder beetle
  7874 | D:6      | Reached * piety under Vehumet
  7874 | D:6      | Offered knowledge of Freeze by Vehumet.
  7951 | D:6      | Found a sand-covered staircase.
  7988 | Ossuary  | Entered an ossuary
  8348 | Ossuary  | Offered knowledge of Static Discharge by Vehumet.
  8430 | Ossuary  | Reached ** piety under Vehumet
  8589 | D:6      | Found a white marble altar of Elyvilon.
  8626 | D:6      | Noticed a troll
  8635 | D:6      | Slain by a troll

Illustrated notes

Levels and vault maps discovered:
D:1:      lightli_iron_boxes, layout_loops_ring
D:2:      minmay_skewed_foursquare, layout_basic, minmay_surrounded,
          uniq_natasha
D:3:      layout_loops_ring, old_standard_altar, uniq_ijyb, uniq_terence
D:4:      kennysheep_big_flooded_room, layout_gridville, kennysheep_little_box,
          nicolae_hepliaklqana_monster_ancestors, serial_shops,
          nicolae_shop_advertising_works [nicolae_subvault_shop_adworks],
          uniq_eustachio
D:5:      layout_loops_ring, makhleb_blood_cavern_becter,
          chequers_temple_overflow_statue_of_worship, serial_glass,
          glass_columns_a, glass_columns_b, glass_columns_b, st_stairs_11
D:6:      layout_loops_corners, general_overflow_altar,
          gup_ossuary_entry_pyramid, ebering_ghost_gozag
Temple:   hellmonk_temple_rainy

Skill      XL: |  1  2  3  4  5  6  7  8 |
---------------+-------------------------+-----
Conjurations   | 2 3 4 5 7 |  7.0
Spellcasting   | 4 5 6 7 8 |  8.9
Fire Magic     | 4 5 6 7 |  7.8
Dodging        | |  2.4
Stealth        | |  2.4

Action                   |  1- 3 |  4- 6 |  7- 9 || total
-------------------------+-------+-------+-------++-------
Melee: Whip              |     1 |     4 |       ||     5
       Rapier            |       |       |     1 ||     1
 Cast: Foxfire           |   109 |   110 |    51 ||   270
       Scorch            |       |    43 |    75 ||   118
       Conjure Flame     |       |       |     2 ||     2
  Use: Potion            |       |     2 |     2 ||     4
       Scroll            |       |     1 |     5 ||     6
Armor: Robe              |     5 |    14 |    11 ||    30
Dodge: Dodged            |    16 |    50 |    20 ||    86
